 Dungeon Crawl Stone Soup version 0.18.1-1-g2f07953 (webtiles) character file.

665 ShiverMeTomatoes the Ducker (level 7, 61/61 HPs)
             Began as a White Draconian Berserker on May 19, 2016.
             Was a Priest of Trog.
             Starved to death
             ... on level 4 of the Dungeon.
             The game lasted 00:25:53 (3506 turns).

ShiverMeTomatoes the Ducker (DrBe)                  Turns: 3506, Time: 00:25:54

Health: 61/61      AC:  7    Str: 20    XL:     7   Next: 31%
Magic:  7/7        EV: 14    Int:  9    God:    Trog [***...]
Gold:   225        SH:  0    Dex: 10    Spells: 0 memorised, 6 levels left

rFire  x . .     SeeInvis .     v - +0 morningstar
rCold  + + .     Gourm    .     (armour unavailable)
rNeg   . . .     Faith    .     (no shield)
rPois  .         Spirit   .     (helmet restricted)
rElec  .         Dismiss  .     (no cloak)
rCorr  .         Reflect  .     F - +0 pair of gloves
SustAt .         Harm     .     (no boots)
MR     .....                    f - amulet of regeneration
Stlth  +.........               (no ring)
                                e - ring of ice

@: fainting, not resistant to hostile enchantments, very unstealthy
A: breathe frost, unfitting armour, cold resistance 1, cold-blooded, AC +6
a: Breathe Frost, Berserk, Trog's Hand, Burn Spellbooks, Renounce Religion


You were on level 4 of the Dungeon.
You worshipped Trog.
Trog was most pleased with you.
You were fainting.

You visited 1 branch of the dungeon, and saw 4 of its levels.

You collected 225 gold pieces.

Inventory:

Hand Weapons
 a - a +0 falchion
 d - a +0 short sword
 g - a +0 short sword
 h - a +0 dagger
 i - a +0 short sword
 p - a +0 dagger
 t - a +0 club
 u - a +0 flail
 v - a +0 morningstar (weapon)
 w - a +0 short sword
 A - a +0 trident
 B - a +0 flail
 C - a +0 dagger
 D - a cursed +0 club
 J - a +0 scimitar
 K - a +0 giant club
 M - a +0 mace
 N - a +0 mace
 O - a +0 mace
 P - a cursed -1 mace
Missiles
 c - 41 bolts
 q - 44 stones (quivered)
 G - 38 arrows
 H - 15 sling bullets
 L - 10 tomahawks
Armour
 r - a +0 pair of gloves
 F - a +0 pair of gloves (worn)
Jewellery
 b - an uncursed ring of stealth {unknown}
 e - a ring of ice (left hand)
 f - an amulet of regeneration (around neck)
Wands
 s - a wand of paralysis (16/24)
 I - a wand of lightning (6/15)
Scrolls
 k - a scroll of recharging {unknown}
 l - a scroll of blinking
 m - 4 scrolls of remove curse
 o - a scroll of enchant armour {unknown}
 x - 3 scrolls of teleportation {unknown}
 y - a scroll of immolation {unknown}
Potions
 j - 2 potions of curing
 n - 2 potions of heal wounds
 z - a potion of brilliance {unknown}
 E - a potion of degeneration {unknown}


   Skills:
 + Level 5.1 Fighting
 + Level 3.7 Long Blades
 + Level 2.6 Maces & Flails
 + Level 6.1 Dodging
 + Level 0.8 Stealth


You had 6 spell levels left.
You didn't know any spells.

Dungeon Overview and Level Annotations

Branches:
Dungeon (4/15)
 Temple: D:4-7

Altars:


Innate Abilities, Weirdness & Mutations

You can breathe waves of freezing cold.
You can buffet flying creatures when you breathe cold.
Your icy white scales are hard (AC +6).
Your body does not fit into most forms of armour.
Your flesh is cold resistant.
You are cold-blooded and may be slowed by cold attacks.


Message History

P - a runed mace You open the door.
There is an open door here.
You open the door.
Found a stone staircase leading up.
There is an open door here.
There is an open door here.
There is an open door here.
You are fainting from starvation!
You see here a club.
You see here a club.
You see here a club.
You see here a club.
You lose consciousness!
You can move again.
There is an open door here.
You lose consciousness!
You can move again.
You have starved to death.
You die...

###### #.##.# #.)†.#
#.##.#### #...)...#
####.##.# #..#.##.#
#....##.# ######
##.####@###....#
####### #.# #.##.....#
#....<# #.####........#
#.....#
#...######....###.....#
###.# #......'.'.....#
#...# #.#.....##.....#
#.##########....###...#
#.......# #....# #####
######..# #....#


There were no monsters in sight!

Vanquished Creatures
  An ogre (D:4)
  A phantom (D:4)
  The ghost of Guenter the Skirmisher, an amateur DEWn (D:3)
  Blork the orc (D:4)
  2 howler monkeys (D:3)
  A hound (D:4)
  An orc priest (D:3)
  An orc wizard (D:3)
  Natasha (D:2)
  A worker ant (D:3)
  4 adders
  An ooze (D:2)
  4 worms
  2 dart slugs
  2 giant geckos (D:1)
  10 orcs
  A ball python (D:2)
  3 giant cockroaches
  5 goblins
  7 hobgoblins
  4 quokkas
  8 bats
  3 giant newts
  6 kobolds
  8 rats
79 creatures vanquished.

Notes
Turn   | Place    | Note
--------------------------------------------------------------
     0 | D:1      | ShiverMeTomatoes the Draconian Berserker began the quest for the Orb.
     0 | D:1      | Reached XP level 1. HP: 19/19 MP: 1/1
   409 | D:1      | Reached skill level 3 in Dodging
   409 | D:1      | Reached XP level 2. HP: 26/26 MP: 2/2
   612 | D:1      | Reached ** piety under Trog
  1159 | D:1      | You fall through a shaft!
  1167 | D:2      | Reached XP level 3. HP: 31/31 MP: 3/3
  1641 | D:2      | Reached XP level 4. HP: 37/40 MP: 4/4
  1696 | D:2      | Noticed Natasha
  1709 | D:2      | Killed Natasha
  1709 | D:2      | Reached skill level 4 in Dodging
  1710 | D:2      | Reached *** piety under Trog
  2056 | D:3      | Reached XP level 5. HP: 37/46 MP: 5/5
  2194 | D:3      | Noticed Guenter's ghost (amateur DEWn)
  2218 | D:3      | Killed Guenter's ghost
  2218 | D:3      | Reached skill level 5 in Dodging
  2348 | D:3      | Reached XP level 6. HP: 53/53 MP: 6/6
  2976 | D:3      | Reached skill level 1 in Maces & Flails
  3076 | D:4      | Noticed Blork the orc
  3087 | D:4      | Killed Blork the orc
  3183 | D:4      | Reached skill level 5 in Fighting
  3183 | D:4      | Your scales start taking on an icy white colour.
  3183 | D:4      | Reached XP level 7. HP: 59/61 MP: 7/7
  3183 | D:4      | Gained mutation: Your flesh is cold resistant. [White Draconian growth]
  3194 | D:4      | Reached skill level 6 in Dodging
  3476 | D:4      | Paralysed by fainting for 10 turns
  3494 | D:4      | Paralysed by fainting for 6 turns
  3506 | D:4      | Starved to death

Skill      XL: |  1  2  3  4  5  6  7 |
---------------+----------------------+-----
Dodging        | 3 4 5 6 |  6.1
Fighting       | 4 5 |  5.1
Maces & Flails | 2 |  2.6
Long Blades    | |  3.7
Stealth        | |  0.8

Action                   |  1- 3 |  4- 6 |  7- 9 || total
-------------------------+-------+-------+-------++-------
Melee: Falchion          |   129 |    42 |       ||   171
       Tailslap          |    19 |    24 |     3 ||    46
       Morningstar       |       |   133 |    30 ||   163
  Use: Scroll            |     3 |     1 |     2 ||     6
       Potion            |     1 |     2 |       ||     3
  Eat: Bread ration      |     1 |       |       ||     1
       Pizza             |       |     1 |       ||     1
Armor: Skin              |    48 |    68 |    21 ||   137
Dodge: Dodged            |   133 |   200 |    50 ||   383
